 Dungeon Crawl Stone Soup version 0.24.0-1-gfbc8707122 (webtiles) character file.

Game seed: 2798462702633110933, levelgen mode: deterministic

115 Esekla the Stinger (level 4, 0/37 HPs)
             Began as a Deep Dwarf Venom Mage on Oct 28, 2019.
             Slain by Terence
             ... wielding a +0 mace
              (5 damage)
             ... on level 2 of the Dungeon.
             The game lasted 00:19:57 (1600 turns).

Esekla the Stinger (Deep Dwarf Venom Mage)          Turns: 1600, Time: 00:19:58

Health: 0/37       AC:  3    Str: 11    XL:     4   Next: 68%
Magic:  2/7        EV: 13    Int: 16    God:
Gold:   145        SH:  0    Dex: 14    Spells: 2/8 levels left

rFire    . . .     SeeInvis .   a - +0 hand axe
rCold    . . .     Gourm    .   (no shield)
rNeg     . . .     Faith    .   e - +0 robe
rPois    .         Spirit   .   n - +0 helmet
rElec    .         Reflect  .   (no cloak)
rCorr    .         Harm     .   (no gloves)
MR       .....                  (no boots)
Stlth    ++........             (no amulet)
HPRegen  0.00/turn              (no ring)
MPRegen  0.10/turn              (no ring)

@: non-regenerating
A: damage resistance, heal wounds, sense surroundings 1, no regeneration
a: Heal Wounds


You were on level 2 of the Dungeon.
You were not hungry.

You visited 1 branch of the dungeon, and saw 3 of its levels.

You collected 145 gold pieces.

Inventory:

Hand Weapons
 a - a +0 hand axe (weapon)
 g - a +0 spear
 s - a +0 dagger
Armour
 e - a +0 robe (worn)
 n - a +0 helmet (worn)
Wands
 p - a wand of digging (5)
Scrolls
 b - a scroll of noise {unknown}
 f - a scroll of blinking
 l - a scroll of enchant weapon {unknown}
 m - a scroll of fog {unknown}
 o - 3 scrolls of remove curse
 r - a scroll of fear {unknown}
 t - a scroll of teleportation {unknown}
Potions
 d - 3 potions of might
 h - a potion of lignification {unknown}
 i - a potion of heal wounds {unknown}
 j - 3 potions of curing
 u - a potion of brilliance {unknown}
Comestibles
 c - 3 rations


   Skills:
 * Level 0.6 Fighting
 * Level 1.2 Axes
 + Level 2.5 Dodging
 + Level 2.8 Stealth
 * Level 2.7 Spellcasting
 * Level 0.8 Conjurations
 * Level 0.9 Air Magic
 + Level 3.0 Poison Magic


You had 2 spell levels left.
You knew the following spells:

 Your Spells              Type           Power        Failure   Level  Hunger
a - Sting                 Conj/Pois      #...         9%          1    #......
c - Mephitic Cloud        Conj/Pois/Air  #.......     30%         3    ###....
v - Poisonous Vapours     Pois/Air       #.....       13%         2    ##.....

Your spell library contained the following spells:

 Spells                   Type           Power        Failure   Level  Hunger
 Olgreb's Toxic Radiance  Pois           ##......     47%         4    #####..
 Venom Bolt               Conj/Pois      #.........   93%         5    ######.


Dungeon Overview and Level Annotations

Branches:
Dungeon (3/15)

Altars:
Gozag

Annotations:
D:2 Terence


Innate Abilities, Weirdness & Mutations

You are resistant to damage.
You can heal yourself by infusing magical energy.
You passively map a small area around you.
You do not regenerate.


Message History

You barely miss Terence.
Terence is almost dead.
Terence hits you with a +0 mace.
You hit Terence but do no damage.
Terence is almost dead.
Terence hits you with a +0 mace.
You closely miss Terence.
Terence is almost dead.
Terence hits you with a +0 mace!
* * * LOW HITPOINT WARNING * * *
You hit Terence but do no damage.
Terence is almost dead.
Terence misses you.
You barely miss Terence.
Terence is almost dead.
Terence hits you with a +0 mace.
* * * LOW HITPOINT WARNING * * *
You fail to use your ability.
Terence hits you but does no damage.
You fail to use your ability.
Terence hits you with a +0 mace.
You die...

######### #.#.._..# #.......#
####.###.#.#
#.......###....#.....##
#..............###.###.
#.......##...........##
####..####.....).....#
############..####.###########
#..........(........# ####
#.##########..@.....########...
#.# #.......@.................
#.# #.####....####(#.#####....
###.####.#..#....####.#.# #....
.......#.#...........<#.#
##....
######.#.#.##...#####.#.#
#..... #.#.#............#.#
#.....
#.#.###.##.........####....[
#.#.........................


You could see Terence.

Vanquished Creatures
  Robin (D:2)
  5 adders
  An ooze (D:1)
  2 worms
  2 dart slugs (D:2)
  A leopard gecko (D:1)
  2 bats (D:1)
  A giant cockroach (D:1)
  16 goblins
  4 hobgoblins (D:2)
  6 frilled lizards
  4 kobolds
  2 rats (D:2)
47 creatures vanquished.

Notes
Turn   | Place    | Note
-------+----------+-------------------------------------------
     0 | D:1      | Esekla the Deep Dwarf Venom Mage began the quest for the
                  | Orb.
     0 | D:1      | Reached XP level 1. HP: 15/15 MP: 3/3
   221 | D:1      | Reached XP level 2. HP: 22/22 MP: 0/4
   225 | D:1      | Learned a level 2 spell: Poisonous Vapours
   530 | D:2      | Found an opulent altar of Gozag.
   565 | D:2      | Noticed Robin
   591 | D:2      | Killed Robin
   591 | D:2      | Reached XP level 3. HP: 28/30 MP: 1/5
   751 | D:2      | Reached skill level 1 in Axes
   788 | D:2      | Noticed Terence
   806 | D:2      | Found an opulent altar of Gozag.
   911 | D:1      | Reached XP level 4. HP: 37/37 MP: 1/6
  1274 | D:2      | Learned a level 3 spell: Mephitic Cloud
  1310 | D:2      | Reached skill level 3 in Poison Magic
  1600 | D:2      | Slain by Terence

Levels and vault maps discovered:
D:1:      psy_arrival_fountain, layout_rooms
D:2:      layout_basic, nicolae_overflow_crystal_walls,
          nicolae_gozag_cash_rules_everything_around_me, uniq_robin,
          uniq_terence
D:3:      layout_rooms, uniq_ijyb

Skill      XL: |  1  2  3  4 |
---------------+-------------+-----
Spellcasting   | 2 |  2.7
Axes           | 1 |  1.2
Poison Magic   | 3 |  3.0
Fighting       | |  0.6
Dodging        | |  2.5
Stealth        | |  2.8
Conjurations   | |  0.8
Air Magic      | |  0.9

Action                   |  1- 3 |  4- 6 || total
-------------------------+-------+-------++-------
Melee: Hand axe          |    67 |    22 ||    89
       Dagger            |       |    13 ||    13
 Cast: Sting             |    12 |       ||    12
       Poisonous Vapours |    19 |    12 ||    31
       Mephitic Cloud    |       |     1 ||     1
 Abil: Heal Wounds       |     2 |       ||     2
  Use: Scroll            |       |     4 ||     4
 Stab: Confused          |       |     1 ||     1
       Sleeping          |       |     1 ||     1
  Eat: Chunk             |     1 |     4 ||     5
Armor: Robe              |    13 |     5 ||    18
Dodge: Dodged            |    38 |    17 ||    55
